 Dungeon Crawl Stone Soup version 0.20.1-1-g8b1a95d (webtiles) character file.

120 WiZmei the Shield-Bearer (level 5, -7/29 HPs)
             Began as a Gargoyle Fighter on Nov 30, 2017.
             Killed by divine providence
             ... invoked by an orc priest
              (17 damage)
             ... on level 3 of the Dungeon.
             The game lasted 00:06:42 (2044 turns).

WiZmei the Shield-Bearer (Gargoyle Fighter)         Turns: 2044, Time: 00:06:42

Health: -7/29      AC: 18    Str: 21    XL:     5   Next: 4%
Magic:  5/5        EV:  8    Int:  8    God:
Gold:   146        SH: 10    Dex:  9    Spells: 4/4 levels left

rFire    . . .     SeeInvis .   o - +0 morningstar (protect)
rCold    . . .     Gourm    .   c - +1 shield
rNeg     + . .     Faith    .   b - +0 scale mail
rPois    ∞         Spirit   .   (no helmet)
rElec    +         Reflect  .   (no cloak)
rCorr    .         Harm     .   (no gloves)
MR       +....                  (no boots)
Stlth    ..........             (no amulet)
Regen    0.1/turn               (no ring)
MPRegen  0.1/turn               (no ring)

@: protection aura
A: frail 1, magic resistance 1, negative energy resistance 1, screaming 1,
electricity resistance, unbreathing, petrification resistance, rot immunity, AC
+4
a: no special abilities


You were on level 3 of the Dungeon.
You were not hungry.

You visited 1 branch of the dungeon, and saw 3 of its levels.

You collected 146 gold pieces.

Inventory:

Hand Weapons
 o - a +0 morningstar of protection (weapon)
Missiles
 k - 2 tomahawks (quivered)
Armour
 b - a +0 scale mail (worn)
 c - a +1 shield (worn)
Scrolls
 j - a scroll of identify {unknown}
Potions
 d - a potion of ambrosia {unknown}
 e - a potion of might
 g - a potion of curing {unknown}
 p - a potion of magic {unknown}
Books
 l - a book of Minor Magic

   Spells                             Type                      Level
   a - Magic Dart                     Conjuration                  1
   b - Blink                          Translocation                2
   c - Call Imp                       Summoning                    2
   d - Slow                           Hexes                        2
   e - Conjure Flame                  Conjuration/Fire             3
   f - Mephitic Cloud                 Conjuration/Poison/Air       3
Comestibles
 a - 8 chunks of flesh
 f - 3 bread rations
 h - a royal jelly
 i - 3 meat rations


   Skills:
 + Level 4.1 Fighting
 + Level 2.4 Maces & Flails
 + Level 4.0 Armour
 + Level 0.8 Dodging
 + Level 0.8 Stealth
 + Level 4.3 Shields


You had 4 spell levels left.
You didn't know any spells.

Dungeon Overview and Level Annotations

Branches:
Dungeon (3/15)

Altars:
Zin

Annotations:
D:3 Natasha


Innate Abilities, Weirdness & Mutations

You are resistant to torment.
Your stone body is resilient. (AC +4)
You are immune to poison.
You resist negative energy. (rN+)
You are resistant to electric shocks. (rElec)
You can survive without breathing.
You are immune to petrification.
You are immune to rotting.
You are frail. (-10% HP)
You are resistant to hostile enchantments. (MR+)
You occasionally shout uncontrollably at your foes.


Message History

You block the kobold's attack. The adder bites you but does no damage.
The orc priest mumbles some strange prayers to Beogh against you.
Beogh smites you! You block the kobold's attack.
You closely miss the kobold. You block the adder's attack.
Natasha casts a spell.
You block the kobold's attack. The adder bites you but does no damage.
You hit the kobold.
Your weapon exudes an aura of protection.
The kobold is severely wounded.
The adder bites you. The kobold hits you but does no damage.
The adder barely misses you.
You puncture the kobold!
You kill the kobold!
You block the adder's attack.
The orc wizard casts a spell.
The orc wizard blinks!
The adder bites you but does no damage.
The orc priest mumbles some strange prayers to Beogh against you.
Beogh smites you!
Ouch! That really hurt!
You die...

#.##### ########......
###.........##########
..........).'.........
.##.........############
#.........[.........<#
#.........############
#.........##########
#.........@.So5hSo§.#
.........###########o##
...####### #.S# ##.# #h#
#.###### #.#.....
#o#..... #.#.....


You could see an orc priest, Natasha, 2 adders, a white imp and an orc.

Vanquished Creatures
  Jessica (D:2)
  Terence (D:2)
  2 adders (D:2)
  A worm (D:2)
  2 dart slugs
  An orc (D:3)
  2 giant cockroaches (D:2)
  5 goblins
  4 hobgoblins
  8 jackals
  3 bats
  4 frilled lizards
  4 kobolds
  6 rats
44 creatures vanquished.

Notes
Turn   | Place    | Note
-------+----------+-------------------------------------------
     0 | D:1      | WiZmei the Gargoyle Fighter began the quest for the Orb.
     0 | D:1      | Reached XP level 1. HP: 14/14 MP: 1/1
   295 | D:1      | Reached XP level 2. HP: 19/19 MP: 2/2
   907 | D:2      | Found a glowing silver altar of Zin.
   934 | D:2      | Reached XP level 3. HP: 24/24 MP: 3/3
  1048 | D:2      | Noticed Terence
  1066 | D:2      | Noticed Jessica
  1084 | D:2      | Killed Terence
  1084 | D:2      | Reached XP level 4. HP: 3/29 MP: 4/4
  1085 | D:2      | Gained mutation: You occasionally shout uncontrollably at your foes. [potion of mutation]
  1085 | D:2      | Gained mutation: You are frail. (-10% HP) [potion of mutation]
  1085 | D:2      | Gained mutation: You are resistant to hostile enchantments. (MR+) [potion of mutation]
  1088 | D:2      | HP: 1/26 [Jessica (3)]
  1091 | D:2      | Killed Jessica
  1923 | D:3      | Reached XP level 5. HP: 24/29 MP: 5/5
  2003 | D:3      | Noticed Natasha
  2044 | D:3      | Killed from afar by an orc priest

Skill      XL: |  1  2  3  4 |
---------------+-------------+-----
Fighting       | 4 |  4.1
Shields        | 4 |  4.3
Armour         | 4 |  4.0
Maces & Flails | |  2.4
Dodging        | |  0.8
Stealth        | |  0.8

Action                   |  1- 3 |  4- 6 || total
-------------------------+-------+-------++-------
Melee: Flail             |   123 |     6 ||   129
       Morningstar       |       |    73 ||    73
  Use: Potion            |     1 |     1 ||     2
       Scroll            |       |     6 ||     6
  Eat: Chunk             |       |     4 ||     4
Armor: Scale mail        |   123 |    85 ||   208
Dodge: Dodged            |    47 |    50 ||    97
Block: Shield            |   101 |    90 ||   191
